SA
NEBRASKA PLAINSMEN @ HOGSMEADE CAULDRONS
09/03/2025
 
TOP OF THE 1ST
Nebraska Plainsmen batting - Pitching for Hogsmeade Cauldrons : RHP Sébastien Marchand
Pitching: RHP Sébastien Marchand
Batting: RHB Young-hwan Hyon 0-0: Ball
1-0: Called Strike
1-1: Called Strike
1-2: Ball
2-2: Ground out 4-3 (Groundball, 4)
Batting: RHB Luis Aragón 0-0: Called Strike
0-1: Ball
1-1: Ball
2-1: DOUBLE (Flyball, 78M)
Batting: RHB Lorenzo Ruíz 0-0: Foul Ball, location: 2F
0-1: Swinging Strike
0-2: Ball
1-2: Foul Ball, location: 2F
1-2: Ground out 1-3 (Groundball, 13)
Luis Aragón to third
Batting: RHB Mike Thompson 0-0: Ball
1-0: Foul Ball, location: 2F
1-1: Ground out 4-3 (Groundball, 4)
Top of the 1st over - 0 run(s), 1 hit(s), 0 error(s), 1 left on base; Nebraska 0 - Hogsmeade 0
BOTTOM OF THE 1ST
Hogsmeade Cauldrons batting - Pitching for Nebraska Plainsmen : LHP Jim Unknown
Pitching: LHP Jim Unknown
Batting: RHB Cody Skillings 0-0: Foul Ball, location: 2F
0-1: Ball
1-1: SINGLE (Groundball, 6D)
Batting: RHB Jorge Gómez 0-0: Foul Ball, location: 2F
0-1: Ball
1-1: Ball
2-1: Grounds into double play, 4-6-3 (Groundball, 4M)
Batting: LHB Ignacio Medine 0-0: Foul Ball, location: 2F
0-1: Ball
1-1: Swinging Strike
1-2: Strikes out swinging
Bottom of the 1st over - 0 run(s), 1 hit(s), 0 error(s), 0 left on base; Nebraska 0 - Hogsmeade 0
TOP OF THE 2ND
Nebraska Plainsmen batting - Pitching for Hogsmeade Cauldrons : RHP Sébastien Marchand
Batting: LHB Lance Antle 0-0: Called Strike
0-1: Foul Ball, location: 2F
0-2: Ball
1-2: Foul Ball, location: 2F
1-2: Strikes out swinging
Batting: RHB Levi Tess 0-0: Ball
1-0: Ball
2-0: Called Strike
2-1: Fly out, F5 (Line Drive, 6)
Batting: RHB Amos Bies 0-0: Ball
1-0: Ball
2-0: Ball
3-0: Called Strike
3-1: Swinging Strike
3-2: Foul Ball, location: 2F
3-2: Foul Ball, location: 2F
3-2: Ground out 5-3 (Groundball, 56S)
Top of the 2nd over - 0 run(s), 0 hit(s), 0 error(s), 0 left on base; Nebraska 0 - Hogsmeade 0
BOTTOM OF THE 2ND
Hogsmeade Cauldrons batting - Pitching for Nebraska Plainsmen : LHP Jim Unknown
Batting: RHB Héctor Casas 0-0: Fly out, F8 (Flyball, 8LD)
Batting: LHB Austin Hathaway 0-0: Called Strike
0-1: Ball
1-1: Foul Ball, location: 2F
1-2: Foul Ball, location: 2F
1-2: Ball
2-2: Strikes out swinging
Batting: RHB Mitchell Westerbos 0-0: Ball
1-0: Reached on error, E4 (Groundball, 4M)
Batting: LHB Estefan Carrasco 0-0: Called Strike
0-1: Foul Ball, location: 2F
0-2: Strikes out swinging
Bottom of the 2nd over - 0 run(s), 0 hit(s), 1 error(s), 1 left on base; Nebraska 0 - Hogsmeade 0
TOP OF THE 3RD
Nebraska Plainsmen batting - Pitching for Hogsmeade Cauldrons : RHP Sébastien Marchand
Batting: RHB Leonard Hiott 0-0: Ball
1-0: Called Strike
1-1: Fly out, F7 (Flyball, 7LS)
Batting: RHB Ángel Macías 0-0: Ball
1-0: Ball
2-0: Called Strike
2-1: Foul Ball, location: 2F
2-2: Strikes out swinging
Batting: RHB Young-hwan Hyon 0-0: Fly out, F2 (Popup, 3S)
Top of the 3rd over - 0 run(s), 0 hit(s), 0 error(s), 0 left on base; Nebraska 0 - Hogsmeade 0
BOTTOM OF THE 3RD
Hogsmeade Cauldrons batting - Pitching for Nebraska Plainsmen : LHP Jim Unknown
Batting: LHB Tyler Knopp 0-0: Swinging Strike
0-1: Foul Ball, location: 2F
0-2: Ball
1-2: SINGLE (Line Drive, 8LS)
Batting: RHB Jorge Ramos 0-0: Called Strike
0-1: Foul Ball, location: 2F
0-2: Ball
1-2: SINGLE (Line Drive, 56D)
Tyler Knopp to second
Batting: RHB Cody Skillings 0-0: Foul Ball, location: 2F
0-1: Ball
1-1: Swinging Strike
1-2: Foul Ball, location: 2F
1-2: Strikes out swinging
Batting: RHB Jorge Gómez 0-0: Fielders Choice at 2nd, 1-6 (Groundball, 13S)
Tyler Knopp to third
Batting: LHB Ignacio Medine 0-0: Ball
Wild Pitch!
Tyler Knopp scores
Jorge Gómez to second
1-0: Called Strike
1-1: Ball
2-1: Fly out, F8 (Flyball, 8LD)
Bottom of the 3rd over - 1 run(s), 2 hit(s), 0 error(s), 1 left on base; Nebraska 0 - Hogsmeade 1
TOP OF THE 4TH
Nebraska Plainsmen batting - Pitching for Hogsmeade Cauldrons : RHP Sébastien Marchand
Batting: RHB Luis Aragón 0-0: SINGLE (Groundball, 6D)
Batting: RHB Lorenzo Ruíz 0-0: Called Strike
0-1: Ball
1-1: Ball
2-1: Foul Ball, location: 2F
2-2: Foul Ball, location: 2F
2-2: Foul Ball, location: 2F
2-2: Ball
3-2: Base on Balls
Luis Aragón to second
Batting: RHB Mike Thompson 0-0: Swinging Strike
0-1: Ball
1-1: Swinging Strike
1-2: Ball
2-2: Foul Ball, location: 2F
2-2: Ball
3-2: DOUBLE (Flyball, 78XD)
Luis Aragón scores
Lorenzo Ruíz to third
Batting: LHB Lance Antle 0-0: Swinging Strike
0-1: Called Strike
0-2: Ball
1-2: Fly out, F8 (Flyball, 8LM)
Runner from 3rd tags up, SCORES, throw made
Batting: RHB Levi Tess 0-0: Called Strike
0-1: Ball
1-1: Foul Ball, location: 2F
1-2: Strikes out swinging
Batting: RHB Amos Bies 0-0: Called Strike
0-1: Called Strike
0-2: Strikes out swinging
Top of the 4th over - 2 run(s), 2 hit(s), 0 error(s), 1 left on base; Nebraska 2 - Hogsmeade 1
BOTTOM OF THE 4TH
Hogsmeade Cauldrons batting - Pitching for Nebraska Plainsmen : LHP Jim Unknown
Batting: RHB Héctor Casas 0-0: Foul Ball, location: 2F
0-1: Ball
1-1: Ball
2-1: Foul Ball, location: 2F
2-2: Ball
3-2: Base on Balls
Batting: LHB Austin Hathaway 0-0: Ball
1-0: SINGLE (Flyball, 78M)
Héctor Casas to second
Batting: RHB Mitchell Westerbos 0-0: Ball
1-0: Called Strike
1-1: Foul Ball, location: 2F
1-2: Ball
2-2: Ball
3-2: Base on Balls
Héctor Casas to third
Austin Hathaway to second
Batting: LHB Estefan Carrasco 0-0: Swinging Strike
0-1: Grounds into double play, 4-6-3 (Groundball, 4)
Héctor Casas scores
Austin Hathaway to third
Batting: LHB Tyler Knopp 0-0: Ball
1-0: Called Strike
1-1: Swinging Strike
1-2: Ground out 4-3 (Groundball, 4)
Bottom of the 4th over - 1 run(s), 1 hit(s), 0 error(s), 1 left on base; Nebraska 2 - Hogsmeade 2
TOP OF THE 5TH
Nebraska Plainsmen batting - Pitching for Hogsmeade Cauldrons : RHP Sébastien Marchand
Batting: RHB Leonard Hiott 0-0: Ball
1-0: Ball
2-0: Foul Ball, location: 2F
2-1: Called Strike
2-2: Foul Ball, location: 2F
2-2: Strikes out swinging
Batting: RHB Ángel Macías 0-0: SINGLE (Groundball, 34) (infield hit)
Batting: RHB Young-hwan Hyon 0-0: Called Strike
0-1: Ball
1-1: Ball
2-1: Foul Ball, location: 2F
2-2: Strikes out swinging
Pitching: RHP Darryl Bachman
Batting: RHB Luis Aragón 0-0: Ball
Ángel Macías is caught stealing 2nd base
Top of the 5th over - 0 run(s), 1 hit(s), 0 error(s), 0 left on base; Nebraska 2 - Hogsmeade 2
BOTTOM OF THE 5TH
Hogsmeade Cauldrons batting - Pitching for Nebraska Plainsmen : LHP Jim Unknown
Batting: RHB Jorge Ramos 0-0: Called Strike
0-1: SINGLE (Groundball, 6MD)
Batting: RHB Cody Skillings 0-0: Bunt missed!
0-1: Sac Bunt - play at first, batter OUT! 3-4
Jorge Ramos to second
Batting: RHB Jorge Gómez 0-0: Ball
1-0: Foul Ball, location: 2F
1-1: Hit by Pitch
Batting: LHB Ignacio Medine 0-0: Ball
1-0: Ball
2-0: Ball
3-0: Called Strike
3-1: Base on Balls
Jorge Ramos to third
Jorge Gómez to second
Batting: RHB Héctor Casas 0-0: Ball
1-0: Called Strike
1-1: Swinging Strike
1-2: Foul Ball, location: 2F
1-2: Ball
2-2: Foul Ball, location: 2F
2-2: Strikes out swinging
Batting: LHB Austin Hathaway 0-0: Called Strike
0-1: Ball
1-1: Ball
2-1: Foul Ball, location: 2F
2-2: Ball
3-2: Foul Ball, location: 2F
3-2: SINGLE (Line Drive, 4MD)
Jorge Ramos scores
Jorge Gómez to third
Ignacio Medine to second
Jorge Gómez scores
Ignacio Medine to third
Batting: RHB Mitchell Westerbos 0-0: Called Strike
0-1: Swinging Strike
0-2: Strikes out swinging
Bottom of the 5th over - 2 run(s), 2 hit(s), 0 error(s), 2 left on base; Nebraska 2 - Hogsmeade 4
TOP OF THE 6TH
Nebraska Plainsmen batting - Pitching for Hogsmeade Cauldrons : RHP Darryl Bachman
Batting: RHB Luis Aragón 0-0: Swinging Strike
0-1: Fly out, F9 (Flyball, 9)
Batting: RHB Lorenzo Ruíz 0-0: Ball
1-0: Called Strike
1-1: Foul Ball, location: 2F
1-2: Ball
2-2: Strikes out swinging
Batting: RHB Mike Thompson 0-0: Ball
1-0: Ball
2-0: Ground out 5-3 (Groundball, 56)
Top of the 6th over - 0 run(s), 0 hit(s), 0 error(s), 0 left on base; Nebraska 2 - Hogsmeade 4
BOTTOM OF THE 6TH
Hogsmeade Cauldrons batting - Pitching for Nebraska Plainsmen : LHP Jim Unknown
Batting: LHB Estefan Carrasco 0-0: Called Strike
0-1: Swinging Strike
0-2: Foul Ball, location: 2F
0-2: Ball
1-2: Foul Ball, location: 2F
1-2: Strikes out swinging
Batting: LHB Tyler Knopp 0-0: Called Strike
0-1: Ground out U3 (Groundball, 34)
Batting: RHB Jorge Ramos 0-0: Ground out 5-3 (Groundball, 5)
Bottom of the 6th over - 0 run(s), 0 hit(s), 0 error(s), 0 left on base; Nebraska 2 - Hogsmeade 4
TOP OF THE 7TH
Nebraska Plainsmen batting - Pitching for Hogsmeade Cauldrons : RHP Darryl Bachman
Batting: LHB Lance Antle 0-0: Called Strike
0-1: Called Strike
0-2: Foul Ball, location: 2F
0-2: Ball
1-2: Strikes out swinging
Batting: RHB Levi Tess 0-0: Called Strike
0-1: Called Strike
0-2: Strikes out swinging
Batting: RHB Amos Bies 0-0: Ball
1-0: Ball
2-0: Called Strike
2-1: Fly out, F9 (Flyball, 9S)
Top of the 7th over - 0 run(s), 0 hit(s), 0 error(s), 0 left on base; Nebraska 2 - Hogsmeade 4
BOTTOM OF THE 7TH
Hogsmeade Cauldrons batting - Pitching for Nebraska Plainsmen : LHP Jim Unknown
Batting: RHB Cody Skillings 0-0: Fly out, F7 (Line Drive, 78M)
Batting: RHB Jorge Gómez 0-0: TRIPLE (Line Drive, 9LM)
Pitching: RHP Gerardo Negrón
Pinch Runner at 3rd Jim Unknown:
Batting: LHB Ignacio Medine 0-0: Intentional Walk
Batting: RHB Héctor Casas 0-0: Foul Ball, location: 2F
0-1: Ball
1-1: Ball
2-1: Foul Ball, location: 2F
2-2: Strikes out swinging
Batting: LHB Austin Hathaway 0-0: Ball
1-0: Called Strike
1-1: Ground out 1-3 (Groundball, 13)
Bottom of the 7th over - 0 run(s), 1 hit(s), 0 error(s), 2 left on base; Nebraska 2 - Hogsmeade 4
TOP OF THE 8TH
Nebraska Plainsmen batting - Pitching for Hogsmeade Cauldrons : RHP Darryl Bachman
Now at 3B: Jim Unknown
Batting: RHB Leonard Hiott 0-0: Called Strike
0-1: SINGLE (Groundball, 34S) (infield hit)
Pitching: RHP Casey Dagher
Batting: RHB Ángel Macías 0-0: Ball
1-0: Foul Ball, location: 2F
1-1: Fly out, F9 (Flyball, 9)
Batting: RHB Young-hwan Hyon 0-0: Ball
1-0: Ball
2-0: SINGLE (Groundball, 6MD)
Leonard Hiott to second
Batting: RHB Luis Aragón 0-0: Ball
1-0: Ball
2-0: Ground out 5-3 (Groundball, 56S)
Leonard Hiott to third
Young-hwan Hyon to second
Batting: RHB Lorenzo Ruíz 0-0: Ball
1-0: SINGLE (Line Drive, 7LS)
Leonard Hiott scores
Young-hwan Hyon to third
Runner from 3rd tries for Home, SAFE, no throw
Batting: RHB Mike Thompson 0-0: Ball
1-0: Ball
2-0: Called Strike
2-1: SINGLE (Groundball, 34D)
Lorenzo Ruíz to second
Runner from 2nd tries for 3rd, SAFE, throw made to third
Batting: LHB Lance Antle 0-0: Called Strike
0-1: Called Strike
0-2: SINGLE (Flyball, 8LS)
Lorenzo Ruíz scores
Mike Thompson to second
Pinch Hitting: LHB Jim Unknown 0-0: Called Strike
0-1: Called Strike
0-2: Fly out, F6 (Popup, 56D)
Top of the 8th over - 3 run(s), 5 hit(s), 0 error(s), 2 left on base; Nebraska 5 - Hogsmeade 4
BOTTOM OF THE 8TH
Hogsmeade Cauldrons batting - Pitching for Nebraska Plainsmen : RHP Gerardo Negrón
Pitching: RHP Christian Mustard
Now at 2B: Bryce Honour
Now in LF: Júlio Crez
Now in RF: Jim Unknown
Batting: RHB Mitchell Westerbos 0-0: Ball
1-0: Ball
2-0: Ball
3-0: Called Strike
3-1: SINGLE (Groundball, 34D)
Pitching: LHP Kent Scalici
Batting: LHB Estefan Carrasco 0-0: Sac Bunt - play at first, batter OUT! 1-4
Mitchell Westerbos to second
Batting: LHB Tyler Knopp 0-0: Foul Ball, location: 2F
0-1: Fly out, F7 (Flyball, 78M)
Batting: RHB Jorge Ramos 0-0: Ground out 4-3 (Groundball, 4)
Bottom of the 8th over - 0 run(s), 1 hit(s), 0 error(s), 1 left on base; Nebraska 5 - Hogsmeade 4
TOP OF THE 9TH
Nebraska Plainsmen batting - Pitching for Hogsmeade Cauldrons : RHP Casey Dagher
Batting: RHB Amos Bies 0-0: Ball
1-0: Called Strike
1-1: Ball
2-1: Ball
3-1: Base on Balls
Pinch Hitting: LHB Jim Unknown 0-0: Called Strike
Throwing error on steal attempt, E2
Amos Bies to third
0-1: Called Strike
0-2: Foul Ball, location: 2F
0-2: Ball
1-2: Foul Ball, location: 2F
1-2: Hit by Pitch
Pinch Hitting: LHB Alex Willis 0-0: Ball
1-0: Ball
2-0: SINGLE (Flyball, 78M)
Amos Bies scores
Jim Unknown to second
Pitching: RHP Pancho Ortíz
Batting: RHB Young-hwan Hyon 0-0: Sac Bunt - play at third, runner OUT! 1-5
Alex Willis to second
Batting: RHB Luis Aragón 0-0: Ball
Alex Willis steals 3rd base
Young-hwan Hyon to second
1-0: Ball
2-0: Swinging Strike
2-1: Foul Ball, location: 2F
2-2: Ball
3-2: Base on Balls
Batting: RHB Lorenzo Ruíz 0-0: Called Strike
0-1: Ball
1-1: Swinging Strike
1-2: Strikes out looking
Batting: RHB Mike Thompson 0-0: Ball
1-0: Swinging Strike
1-1: Ball
2-1: Called Strike
2-2: Strikes out swinging
Top of the 9th over - 1 run(s), 1 hit(s), 1 error(s), 3 left on base; Nebraska 6 - Hogsmeade 4
BOTTOM OF THE 9TH
Hogsmeade Cauldrons batting - Pitching for Nebraska Plainsmen : LHP Kent Scalici
Pitching: RHP Juan Contreras
Now at 2B: Jim Unknown
Now in RF: Jim Unknown
Batting: RHB Cody Skillings 0-0: Ball
1-0: SINGLE (Groundball, 56D)
Batting: RHB Jim Unknown 0-0: Grounds into double play, 5-4-3 (Groundball, 56)
Batting: LHB Ignacio Medine 0-0: Called Strike
0-1: Ball
1-1: Ball
2-1: Swinging Strike
2-2: Strikes out swinging
Bottom of the 9th over - 0 run(s), 1 hit(s), 0 error(s), 0 left on base; Nebraska 6 - Hogsmeade 4
Friday, December 30th, 2016 - OOTP Baseball 17.12 Build 75